[Event "Thursday Night Engine Tour 11 rd Swiss 5m+1s Starts at 2200hrs"]
[Site "Infinity Chess"]
[Date "2018.4.19"]
[Round "6"]
[White "star99"]
[Black "Vimtiroba"]
[Result "1/2-1/2"]
[ECO "D31"]
[WhiteElo "2494"]
[BlackElo "2534"]
[WhiteEngine "Cryptic Heroes 9.4B"]
[BlackEngine "AsmFish A12_CTG"]
[EventType "Swiss"]
[WhiteTeam ""]
[BlackTeam ""]
[PlyCount "116"]
[TimeControl "300+1"]

1. d4 d5 2. c4 e6 3. Nc3 c6 4. e4 dxe4 5. Nxe4 Bb4+ 6. Bd2 Qxd4 7. Bxb4 Qxe4+ 
8. Ne2 Nd7 9. Qd6 Qe5 10. Qxe5 Nxe5 11. Bc3 f6 12. Ng3 Ng6 13. Ne4 Nh6 
14. h4 O-O 15. h5 Nh8 16. f3 e5 17. O-O-O N8f7 18. g4 Be6 19. Bd3 b6 
20. Rhg1 Rae8 21. a4 Rd8 22. a5 c5 23. Rd2 Rd7 24. b3 Kh8 25. Bc2 Rxd2 
26. Bxd2 Ng8 27. g5 fxg5 28. Nxg5 Nxg5 29. Rxg5 Rxf3 30. Rxe5 Bg4 31. h6 Nxh6 
32. Re8+ Ng8 33. Be4 Rf1+ 34. Kb2 Bf3 35. Bd3 Rf2 36. Kc3 Bg2 37. axb6 axb6 
38. Bg5 Bf1 39. Bxf1 Rxf1 40. Bd8 Rf3+ 41. Kb2 h5 42. Bxb6 Rf5 43. Rc8 h4 
44. Rxc5 Ne7 45. b4 Kg8 46. Rxf5 Nxf5 47. b5 Kf7 48. Bc7 Ke6 49. Bf4 h3 
50. c5 g5 51. Bh2 g4 52. b6 Nd4 53. Bg1 Kd5 54. Bxd4 h2 55. b7 Kxd4 
56. b8=Q h1=Q 57. Qb4+ Ke5 58. Qxg4 Kd5 1/2-1/2

[Event "Thursday Night Engine Tour 11 rd Swiss 5m+1s Starts at 2200hrs"]
[Site "Infinity Chess"]
[Date "2018.4.19"]
[Round "6"]
[White "RonWeasley"]
[Black "mala0diablica"]
[Result "1/2-1/2"]
[ECO "D30"]
[WhiteElo "2548"]
[BlackElo "2536"]
[WhiteEngine "BrainFish 090218_CTG"]
[BlackEngine "asmFishW_2018-04-11_bmi2"]
[EventType "Swiss"]
[WhiteTeam ""]
[BlackTeam ""]
[PlyCount "116"]
[TimeControl "300+1"]

1. d4 d5 2. c4 e6 3. Nf3 Nf6 4. Nc3 c6 5. Bg5 h6 6. Bxf6 Qxf6 7. e3 Nd7 
8. Be2 Qd8 9. Qc2 Be7 10. Rc1 a6 11. O-O O-O 12. a3 b6 13. Rfd1 Bb7 14. e4 Re8 
15. e5 dxc4 16. Bxc4 Qb8 17. Qe2 Qa7 18. Ne4 Rac8 19. Qe3 Qa8 20. Be2 Red8 
21. Qf4 Qb8 22. b4 c5 23. dxc5 bxc5 24. Nd6 Bxd6 25. Rxd6 cxb4 26. Rxc8 Qxc8 
27. axb4 Qc7 28. Qd4 Bd5 29. h3 f6 30. Rxa6 Bxf3 31. gxf3 Nxe5 32. Qe3 Qc2 
33. f4 Rd2 34. Bh5 Rd3 35. Ra8+ Kh7 36. Qe4+ f5 37. Qxe5 Rxh3 38. Kg2 Rxh5 
39. Qxe6 Rh2+ 40. Kxh2 Qxf2+ 41. Kh3 Qf3+ 42. Kh2 Qxa8 43. b5 Qa7 44. b6 Qa5 
45. b7 Qb5 46. Qe7 Qb2+ 47. Kg3 Qb5 48. Kg2 Qb6 49. Qd7 Qb2+ 50. Kf1 Qc1+ 
51. Ke2 Qb2+ 52. Kd1 Qb3+ 53. Kc1 Qc3+ 54. Kb1 Qb3+ 55. Kc1 Qc3+ 56. Kb1 Qb3+ 
57. Ka1 Qa3+ 58. Kb1 Qb3+ 1/2-1/2

[Event "Thursday Night Engine Tour 11 rd Swiss 5m+1s Starts at 2200hrs"]
[Site "Infinity Chess"]
[Date "2018.4.19"]
[Round "5"]
[White "picolo1"]
[Black "Dovahkiin"]
[Result "1/2-1/2"]
[ECO "B90"]
[WhiteElo "2438"]
[BlackElo "2422"]
[WhiteEngine "asmFishW_2018-04-15_base_CTG"]
[BlackEngine "Raubfisch ME262_GTZ16f_CTG"]
[EventType "Swiss"]
[WhiteTeam ""]
[BlackTeam ""]
[PlyCount "99"]
[TimeControl "300+1"]

1. e4 c5 2. Nf3 d6 3. d4 cxd4 4. Nxd4 Nf6 5. Nc3 a6 6. Be3 e5 7. Nb3 Be6 
8. Be2 Be7 9. O-O O-O 10. Qd2 Nbd7 11. a4 Nb6 12. a5 Nc4 13. Bxc4 Bxc4 
14. Rfd1 Rc8 15. Nc1 d5 16. Bb6 Qe8 17. exd5 Bb4 18. d6 Bxc3 19. bxc3 Qd7 
20. Bc7 Nd5 21. Rb1 Nxc7 22. Rxb7 Qc6 23. Rb6 Qc5 24. dxc7 h6 25. h3 f6 
26. Kh1 Kh8 27. Kg1 Qxc7 28. Qe1 Rfd8 29. Rxd8+ Qxd8 30. Kh2 Qd5 31. Nb3 Bb5 
32. Qe3 Qc4 33. Rd6 Kh7 34. Nd2 Qxc3 35. Qe4+ Kh8 36. Qg6 Qc7 37. Ne4 Qxc2 
38. Rxf6 gxf6 39. Qxf6+ Kh7 40. Qf5+ Kg7 41. Qf6+ Kg8 42. Qe6+ Kg7 43. Qf6+ Kg8 
44. Qg6+ Kh8 45. Qxh6+ Kg8 46. Qe6+ Kh7 47. Qe7+ Kg8 48. Qe6+ Kf8 49. Qd6+ Kg8 
50. Qe6+ 1/2-1/2

[Event "Thursday Night Engine Tour 11 rd Swiss 5m+1s Starts at 2200hrs"]
[Site "Infinity Chess"]
[Date "2018.4.19"]
[Round "5"]
[White "koalachess"]
[Black "RonWeasley"]
[Result "0-1"]
[ECO "C00"]
[WhiteElo "2368"]
[BlackElo "2539"]
[WhiteEngine "asmFishW_2018-02-02_popcnt_CTG"]
[BlackEngine "BrainFish 090218_CTG"]
[EventType "Swiss"]
[WhiteTeam ""]
[BlackTeam ""]
[PlyCount "244"]
[TimeControl "300+1"]

1. e4 e6 2. e5 c5 3. b3 Be7 4. Bb2 Nh6 5. Nc3 Nc6 6. Ne4 O-O 7. g3 Nf5 8. Bg2 b6 
9. Nf3 Bb7 10. O-O Qc7 11. Re1 h6 12. d3 Rad8 13. Ned2 d5 14. exd6 Bxd6 
15. Nc4 Ncd4 16. Nxd6 Rxd6 17. Nd2 Bxg2 18. Kxg2 Rdd8 19. Rc1 e5 20. Kg1 f6 
21. Qg4 Ne7 22. a3 Rfe8 23. b4 Qc6 24. Qh5 Ne6 25. Qg4 Nd5 26. h4 Kh8 27. Qc4 b5 
28. Qg4 Nb6 29. bxc5 Qxc5 30. Qh5 Rf8 31. Ne4 Qe7 32. Qf5 Na4 33. Ba1 a6 
34. Nd2 Rfe8 35. Ne4 Nac5 36. Nd2 Nb7 37. Qe4 Nbc5 38. Qf5 Nb7 39. Qe4 Qd7 
40. Qg4 Na5 41. Bc3 Nc6 42. a4 b4 43. Bb2 a5 44. Nb3 Rf8 45. Qh3 Rc8 46. d4 Qd5 
47. dxe5 Nxe5 48. Bxe5 fxe5 49. Qg2 Qd7 50. Rxe5 Nd4 51. Nxd4 Qxd4 52. Re2 b3 
53. Qf1 Rc3 54. Kh2 Rcf3 55. Kg2 Qd5 56. Kh2 Qc5 57. Kg2 Rc3 58. Qe1 Qc6+ 
59. Kh2 Qf3 60. Kg1 Rfc8 61. Rb1 bxc2 62. Rc1 Kh7 63. Rd2 R8c4 64. Qe2 Qf5 
65. h5 Re4 66. Qb5 Re5 67. Qa6 Rec5 68. Qe2 R5c4 69. Qe8 Qg4 70. Kg2 Rc8 
71. Qf7 Qxa4 72. Re2 Qc6+ 73. Kg1 Qb5 74. Re6 Qg5 75. Qg6+ Qxg6 76. hxg6+ Kg8 
77. Ra6 R3c6 78. Rxa5 Rxg6 79. Ra2 Rgc6 80. Kf1 h5 81. Ra5 Rc5 82. Ra3 Rd5 
83. Ke2 g5 84. f4 gxf4 85. gxf4 Kf7 86. Ra2 Rdc5 87. Ra6 Re8+ 88. Kd3 Rd8+ 
89. Ke2 Rd4 90. Ke1 h4 91. Ra7+ Kf6 92. Ke2 Rxf4 93. Ra2 Rg4 94. Ke3 Rg3+ 
95. Kd4 Rgc3 96. Ra6+ Rc6 97. Ra8 R6c4+ 98. Kd5 Rc8 99. Raa1 h3 100. Rf1+ Kg5 
101. Rg1+ Kh4 102. Rgc1 h2 103. Ke6 Kg3 104. Kf5 R8c5+ 105. Kf6 Rh5 
106. Ke7 h1=Q 107. Rxh1 Rxh1 108. Rxh1 c1=Q 109. Rxc1 Rxc1 110. Kd6 Rd1+ 
111. Kc6 Kf4 112. Kb5 Rc1 113. Kb4 Ke4 114. Kb5 Kd4 115. Kb6 Kd5 116. Kb5 Rb1+ 
117. Ka4 Kd4 118. Ka3 Kc4 119. Ka2 Rb3 120. Ka1 Kc3 121. Ka2 Kc2 122. Ka1 Ra3# 
0-1

[Event "Thursday Night Engine Tour 11 rd Swiss 5m+1s Starts at 2200hrs"]
[Site "Infinity Chess"]
[Date "2018.4.19"]
[Round "5"]
[White "Deep_Impact"]
[Black "star99"]
[Result "1/2-1/2"]
[ECO "C42"]
[WhiteElo "2555"]
[BlackElo "2491"]
[WhiteEngine "BrainFish_180411_x64_bmi2"]
[BlackEngine "Cryptic Heroes 9.4B"]
[EventType "Swiss"]
[WhiteTeam ""]
[BlackTeam ""]
[PlyCount "201"]
[TimeControl "300+1"]

1. e4 e5 2. Nf3 Nf6 3. Nxe5 d6 4. Nf3 Nxe4 5. d4 d5 6. Bd3 Nc6 7. O-O Be7 
8. c4 Nf6 9. Nc3 dxc4 10. Bxc4 O-O 11. h3 h6 12. Be3 Bf5 13. Ne5 Na5 14. Be2 Rb8 
15. Bf3 Nd7 16. Rc1 Bd6 17. Nxd7 Qxd7 18. Ne4 Bxe4 19. Bxe4 Nc6 20. Qf3 Ne7 
21. Bxb7 Qb5 22. Be4 Qa4 23. Bb1 Rxb2 24. Rfd1 Qa3 25. Qh5 f5 26. d5 Kh7 
27. Rd3 Qa4 28. Bd4 Rb5 29. Bc2 Qxa2 30. Rdd1 Rbb8 31. Qe2 Qa5 32. Bc3 Qc5 
33. Qg4 Rf7 34. Qh5 Rff8 35. Qg4 Rf7 36. Qf3 Qc4 37. Rd4 Qc5 38. Rdd1 Qc4 
39. Rd4 Qc5 40. Rd2 Rbf8 41. g3 a5 42. Qd1 Qb6 43. Re2 Ba3 44. Rb1 Bb4 
45. Bd4 Qb5 46. Ba4 Qb7 47. Qc2 Rd8 48. Rd1 Bd6 49. Bc3 Bb4 50. Ba1 Bd6 
51. Ree1 Rb8 52. Re3 Rbf8 53. Re2 Rd8 54. Bd4 Rb8 55. Bc3 Qb6 56. Qd3 Rd8 
57. Re6 Qc5 58. Re3 g6 59. Re6 Rdf8 60. Bb3 Qa3 61. Qc4 Qc5 62. Qxc5 Bxc5 
63. Bxa5 Bd6 64. Bc2 Ng8 65. Bb6 Nf6 66. Be3 h5 67. Bg5 Nd7 68. g4 Nc5 
69. gxh5 Nxe6 70. dxe6 Rg7 71. h6 Rgg8 72. Ba4 Ra8 73. Bc6 Ra6 74. Bd7 Rga8 
75. e7 Ra1 76. Rxa1 Rxa1+ 77. Kg2 Bxe7 78. Bxe7 Kxh6 79. h4 c5 80. Bb5 Ra5 
81. Be2 Kg7 82. Bg5 Ra3 83. f3 Ra4 84. Kf2 Rb4 85. Ke3 Kf7 86. f4 Ke6 
87. Kd3 Re4 88. Kd2 Kd6 89. h5 c4 90. Bd1 gxh5 91. Bxh5 Kc5 92. Bg6 Kd4 
93. Bxf5 c3+ 94. Kc1 Re1+ 95. Kc2 Re2+ 96. Kd1 c2+ 97. Kc1 Re1+ 98. Kxc2 Rg1 
99. Kb3 Rf1 100. Ka4 Ke3 101. Be6 1/2-1/2

[Event "Thursday Night Engine Tour 11 rd Swiss 5m+1s Starts at 2200hrs"]
[Site "Infinity Chess"]
[Date "2018.4.19"]
[Round "5"]
[White "ocirema"]
[Black "xeonrocks"]
[Result "1/2-1/2"]
[ECO "C77"]
[WhiteElo "2479"]
[BlackElo "2606"]
[WhiteEngine "asmFishW_2018-04-15_popcnt_CTG"]
[BlackEngine "Stockfish_x64_bmi2_CTG"]
[EventType "Swiss"]
[WhiteTeam ""]
[BlackTeam ""]
[PlyCount "145"]
[TimeControl "300+1"]

1. e4 e5 2. Nf3 Nc6 3. Bb5 a6 4. Ba4 Nf6 5. O-O Be7 6. Re1 b5 7. Bb3 O-O 
8. c3 d5 9. exd5 Nxd5 10. Nxe5 Nxe5 11. Rxe5 c6 12. Re1 Bd6 13. d3 Bf5 
14. Qf3 Qh4 15. g3 Qh3 16. Be3 Bxd3 17. Nd2 Qf5 18. Bd4 Qxf3 19. Nxf3 Rfe8 
20. Rac1 Rac8 21. Ba7 Nf6 22. Rcd1 Be4 23. Rxd6 Bxf3 24. Re3 Rxe3 25. Bxe3 Re8 
26. a4 Kf8 27. a5 Ke7 28. Rd2 Kf8 29. Rd6 Ke7 30. Rd2 Kf8 31. Bd1 Bxd1 
32. Rxd1 Re6 33. Rd8+ Re8 34. Bc5+ Kg8 35. Rd6 Re6 36. Rd1 Re5 37. Kf1 Rd5 
38. Rxd5 Nxd5 39. Bb6 Kf8 40. Ke2 Ke7 41. Bc5+ Ke6 42. Kd3 Nf6 43. Kd4 Nd7 
44. f3 h5 45. Ba7 g6 46. b3 Kf5 47. Bb6 h4 48. Bc7 h3 49. b4 Ke6 50. g4 g5 
51. f4 gxf4 52. Bxf4 f5 53. gxf5+ Kxf5 54. Bc7 Ke6 55. c4 bxc4 56. Kxc4 Kf5 
57. Kd3 Nf6 58. Kc4 Nd7 59. Kd3 Nf6 60. Kd4 Nd7 61. Bd8 Kf4 62. Bb6 Kf3 
63. Bc7 Kg2 64. Bg3 Nf6 65. Ke3 Ng4+ 66. Ke2 Nxh2 67. Bxh2 Kxh2 68. Kf2 Kh1 
69. Kg3 Kg1 70. Kxh3 Kf1 71. Kg4 Ke2 72. Kf5 Kd3 73. Ke5 1/2-1/2

[Event "Thursday Night Engine Tour 11 rd Swiss 5m+1s Starts at 2200hrs"]
[Site "Infinity Chess"]
[Date "2018.4.19"]
[Round "5"]
[White "Vimtiroba"]
[Black "mala0diablica"]
[Result "1/2-1/2"]
[ECO "D02"]
[WhiteElo "2534"]
[BlackElo "2536"]
[WhiteEngine "AsmFish A12_CTG"]
[BlackEngine "asmFishW_2018-04-11_bmi2"]
[EventType "Swiss"]
[WhiteTeam ""]
[BlackTeam ""]
[PlyCount "86"]
[TimeControl "300+1"]

1. d4 d5 2. Nf3 Nf6 3. c4 e6 4. Nc3 c6 5. Bg5 h6 6. Bxf6 Qxf6 7. e3 Nd7 
8. Bd3 dxc4 9. Bxc4 g6 10. O-O Bg7 11. Rc1 O-O 12. e4 Qe7 13. e5 c5 14. Re1 cxd4 
15. Qxd4 Nb6 16. Bb3 Bd7 17. Qe3 Rac8 18. Rcd1 Qc5 19. Nd4 Rfd8 20. f4 Nc4 
21. Bxc4 Qxc4 22. Rd3 Bf8 23. Red1 Bc6 24. b3 Qa6 25. Nxc6 Rxd3 26. Qxd3 Qxc6 
27. Ne4 Be7 28. Kf2 Rd8 29. Nd6 Qb6+ 30. Kg3 g5 31. Qd4 Qa5 32. a4 f6 
33. Qe4 gxf4+ 34. Kh3 f5 35. Qxb7 Kf8 36. g3 Qxe5 37. Nf7 Qg7 38. Rxd8+ Bxd8 
39. Nxd8 Qg4+ 40. Kg2 Qe2+ 41. Kh3 Qg4+ 42. Kg2 Qe2+ 43. Kh3 Qg4+ 1/2-1/2

[Event "Thursday Night Engine Tour 11 rd Swiss 5m+1s Starts at 2200hrs"]
[Site "Infinity Chess"]
[Date "2018.4.19"]
[Round "4"]
[White "Dovahkiin"]
[Black "ocirema"]
[Result "1/2-1/2"]
[ECO "C50"]
[WhiteElo "2419"]
[BlackElo "2482"]
[WhiteEngine "Raubfisch ME262_GTZ16f_CTG"]
[BlackEngine "asmFishW_2018-04-15_popcnt_CTG"]
[EventType "Swiss"]
[WhiteTeam ""]
[BlackTeam ""]
[PlyCount "61"]
[TimeControl "300+1"]

1. e4 e5 2. Nf3 Nc6 3. Bc4 Bc5 4. O-O Nf6 5. d3 d6 6. c3 O-O 7. Bg5 a6 
8. Nbd2 Na5 9. Bd5 c6 10. b4 Ba7 11. bxa5 cxd5 12. exd5 Qxa5 13. c4 b5 
14. Rc1 bxc4 15. Bxf6 gxf6 16. Rxc4 Qxd5 17. Ne4 Qe6 18. Rc6 f5 19. Rxd6 Qe7 
20. Nf6+ Kh8 21. Ng5 Qxd6 22. Qh5 Kg7 23. Ngxh7 Qxf6 24. Nxf6 Kxf6 25. Re1 Bd4 
26. Qh4+ Kg6 27. Qg3+ Kh7 28. Qh4+ Kg6 29. Qg3+ Kh7 30. Qh3+ Kg6 31. Qg3+ 
1/2-1/2

[Event "Thursday Night Engine Tour 11 rd Swiss 5m+1s Starts at 2200hrs"]
[Site "Infinity Chess"]
[Date "2018.4.19"]
[Round "4"]
[White "star99"]
[Black "koalachess"]
[Result "1/2-1/2"]
[ECO "A46"]
[WhiteElo "2496"]
[BlackElo "2363"]
[WhiteEngine "Cryptic Heroes 9.4B"]
[BlackEngine "asmFishW_2018-02-02_popcnt_CTG"]
[EventType "Swiss"]
[WhiteTeam ""]
[BlackTeam ""]
[PlyCount "96"]
[TimeControl "300+1"]

1. d4 Nf6 2. Nf3 e6 3. Bg5 Be7 4. e3 O-O 5. c4 b6 6. Be2 Bb7 7. O-O h6 
8. Bh4 Ne4 9. Bxe7 Qxe7 10. Nfd2 Nf6 11. Nc3 d5 12. cxd5 exd5 13. Qa4 Nbd7 
14. Rac1 c6 15. Rfd1 Rfe8 16. Bf3 a5 17. a3 Rab8 18. Qc2 Nf8 19. g3 Bc8 
20. Bg2 Bg4 21. Nf3 Ng6 22. h3 Bd7 23. Ne2 Ne4 24. Re1 Qd6 25. Nf4 Nxf4 
26. exf4 f6 27. Nh4 f5 28. Nf3 c5 29. dxc5 bxc5 30. Ne5 Be6 31. Bxe4 fxe4 
32. Qxc5 Qxc5 33. Rxc5 Rxb2 34. Rxa5 Rc8 35. f5 Bxf5 36. Rxd5 Bxh3 37. Rxe4 Ra2 
38. Rd6 Kh7 39. Kh2 Bf1 40. Rf4 Rcc2 41. Re6 Rxf2+ 42. Rxf2 Rxf2+ 43. Kg1 Rf5 
44. g4 Rf4 45. Ng6 Rf7 46. Ne5 Rf4 47. Ng6 Rf3 48. Ne5 Rf4 1/2-1/2

[Event "Thursday Night Engine Tour 11 rd Swiss 5m+1s Starts at 2200hrs"]
[Site "Infinity Chess"]
[Date "2018.4.19"]
[Round "4"]
[White "mala0diablica"]
[Black "picolo1"]
[Result "1-0"]
[ECO "C50"]
[WhiteElo "2523"]
[BlackElo "2451"]
[WhiteEngine "asmFishW_2018-04-11_bmi2"]
[BlackEngine "asmFishW_2018-04-15_base_CTG"]
[EventType "Swiss"]
[WhiteTeam ""]
[BlackTeam ""]
[PlyCount "100"]
[TimeControl "300+1"]

1. e4 e5 2. Nf3 Nc6 3. Bc4 Bc5 4. O-O Nf6 5. d3 d6 6. c3 O-O 7. Re1 a5 8. Bb3 h6 
9. h3 Ba7 10. Nbd2 b5 11. a4 b4 12. Bc4 Be6 13. Bb5 Ne7 14. d4 c6 15. Bd3 Ng6 
16. Nf1 Nh5 17. Be3 bxc3 18. bxc3 Nhf4 19. Ng3 Nxd3 20. Qxd3 Re8 21. Rab1 Bb8 
22. d5 cxd5 23. exd5 Bd7 24. Nd2 Bxa4 25. Nc4 Bc7 26. Nb6 Bxb6 27. Rxb6 Nf4 
28. Qd2 Bd7 29. Rxd6 Qc7 30. Rb6 Qc4 31. Kh2 Rad8 32. f3 Be6 33. d6 a4 
34. Rb4 Qc6 35. Ne4 a3 36. Ra1 a2 37. Rb6 Qd5 38. Nc5 Qxd2 39. Bxd2 Kh7 
40. Ra6 Ne2 41. Be1 Nf4 42. Bf2 Bc4 43. Ra4 Bb5 44. Ra5 Bc6 45. R1xa2 Rxd6 
46. c4 Rc8 47. Ra7 Kg8 48. Be3 h5 49. R7a6 Rd1 50. Ra1 Rxa1 1-0

[Event "Thursday Night Engine Tour 11 rd Swiss 5m+1s Starts at 2200hrs"]
[Site "Infinity Chess"]
[Date "2018.4.19"]
[Round "4"]
[White "xeonrocks"]
[Black "Deep_Impact"]
[Result "1/2-1/2"]
[ECO "C50"]
[WhiteElo "2608"]
[BlackElo "2553"]
[WhiteEngine "Stockfish_x64_bmi2_CTG"]
[BlackEngine "BrainFish_180411_x64_bmi2"]
[EventType "Swiss"]
[WhiteTeam ""]
[BlackTeam ""]
[PlyCount "246"]
[TimeControl "300+1"]

1. e4 e5 2. Nf3 Nc6 3. Bc4 Bc5 4. O-O Nf6 5. d3 d6 6. c3 a5 7. Nbd2 O-O 
8. Re1 h6 9. h3 Be6 10. Bb5 Qb8 11. Re2 Qa7 12. Nf1 a4 13. Ng3 Qa5 14. Bxc6 bxc6 
15. Nh4 Rfe8 16. Re1 d5 17. exd5 cxd5 18. Rxe5 Bf8 19. Qc2 c5 20. Bd2 Nd7 
21. Re2 c4 22. d4 a3 23. bxa3 Qa4 24. Qc1 Bxa3 25. Qe1 Nf6 26. Nf3 Rab8 
27. Ne5 Bb2 28. Rb1 Bc8 29. f4 Rb6 30. f5 h5 31. Qf2 h4 32. Nf1 Ne4 
33. Rxe4 dxe4 34. Ne3 f6 35. N5xc4 Qxa2 36. Rd1 Rc6 37. Nxb2 Qxb2 38. Qxh4 Ba6 
39. Be1 Bd3 40. Qg3 Qb8 41. Qg4 Ra6 42. h4 Qb5 43. Qg6 Qd7 44. Kh2 Qf7 
45. Rc1 Rc8 46. d5 Bc4 47. Qxf7+ Kxf7 48. Rb1 Ra2 49. Bg3 Ba6 50. Rb3 Rd2 
51. Bf4 Rd3 52. Rb6 Bc4 53. Rb7+ Kf8 54. d6 Bf7 55. Ra7 Rcxc3 56. Ra8+ Be8 
57. h5 Rc6 58. h6 gxh6 59. Bxh6+ Kf7 60. Ra7+ Kg8 61. Rg7+ Kh8 62. Re7 Bh5 
63. d7 Kg8 64. Rg7+ Kh8 65. Re7 Kg8 66. Rg7+ Kh8 67. g4 Rcd6 68. Re7 Rxd7 
69. Rxd7 Rxd7 70. gxh5 Rh7 71. Ng4 e3 72. Kg2 e2 73. Kf2 Re7 74. Bd2 Re4 
75. Ne3 Rh4 76. Kxe2 Rh2+ 77. Kd3 Rxh5 78. Bc3 Kg7 79. Be1 Rh1 80. Bc3 Rh5 
81. Be1 Rh1 82. Bd2 Ra1 83. Nc4 Kf7 84. Ke4 Rb1 85. Kf3 Ra1 86. Nb2 Ra2 
87. Nc4 Ra1 88. Ke4 Rb1 89. Be3 Rb4 90. Kd4 Rb1 91. Ke4 Ra1 92. Nb2 Ke7 
93. Kf4 Ra5 94. Kg4 Rb5 95. Nc4 Kd7 96. Bd2 Ke7 97. Kf4 Rb1 98. Ne3 Rb5 
99. Kg3 Rb1 100. Bc3 Rg1+ 101. Kf2 Rc1 102. Bd4 Rb1 103. Kf3 Kf7 104. Ke4 Re1 
105. Kd5 Re2 106. Nd1 Rd2 107. Nc3 Ke7 108. Ke4 Kf7 109. Ke3 Rc2 110. Nd5 Rc6 
111. Nc3 Ke8 112. Nd5 Kf7 113. Nb4 Rc1 114. Nd3 Rf1 115. Nf2 Re1+ 116. Kf3 Rb1 
117. Nd3 Rb5 118. Nc5 Ke7 119. Ke3 Rb4 120. Nb3 Rxb3+ 121. Ke4 Rh3 122. Bc5+ Kd7 
123. Bf2 Kd6 1/2-1/2

[Event "Thursday Night Engine Tour 11 rd Swiss 5m+1s Starts at 2200hrs"]
[Site "Infinity Chess"]
[Date "2018.4.19"]
[Round "4"]
[White "RonWeasley"]
[Black "Vimtiroba"]
[Result "1/2-1/2"]
[ECO "D30"]
[WhiteElo "2539"]
[BlackElo "2534"]
[WhiteEngine "BrainFish 090218_CTG"]
[BlackEngine "AsmFish A12_CTG"]
[EventType "Swiss"]
[WhiteTeam ""]
[BlackTeam ""]
[PlyCount "91"]
[TimeControl "300+1"]

1. d4 d5 2. c4 e6 3. Nf3 Nf6 4. Nc3 c6 5. Bg5 h6 6. Bxf6 Qxf6 7. e3 Nd7 
8. Be2 g6 9. O-O Bg7 10. e4 dxc4 11. e5 Qe7 12. Bxc4 O-O 13. Re1 Rd8 14. Bd3 b5 
15. Rc1 Bb7 16. Ne4 c5 17. Nxc5 Nxc5 18. dxc5 Qc7 19. h3 b4 20. Qe2 Bxf3 
21. gxf3 Bxe5 22. Qxe5 Qxe5 23. Rxe5 Rxd3 24. c6 Rd5 25. Rxd5 exd5 26. c7 Rc8 
27. Kf1 Kf8 28. Ke2 Ke7 29. Kd3 Kd6 30. Kd4 g5 31. f4 gxf4 32. f3 Rxc7 
33. Rxc7 Kxc7 34. Kxd5 Kb6 35. h4 b3 36. axb3 Kb5 37. Ke5 Kb4 38. h5 Kxb3 
39. Kf6 a5 40. Kg7 a4 41. Kxh6 Kxb2 42. Kg5 f6+ 43. Kxf4 a3 44. h6 a2 
45. h7 a1=Q 46. h8=Q 1/2-1/2

[Event "Thursday Night Engine Tour 11 rd Swiss 5m+1s Starts at 2200hrs"]
[Site "Infinity Chess"]
[Date "2018.4.19"]
[Round "3"]
[White "koalachess"]
[Black "picolo1"]
[Result "1/2-1/2"]
[ECO "C53"]
[WhiteElo "2359"]
[BlackElo "2455"]
[WhiteEngine "asmFishW_2018-02-02_popcnt_CTG"]
[BlackEngine "asmFishW_2018-04-15_base_CTG"]
[EventType "Swiss"]
[WhiteTeam ""]
[BlackTeam ""]
[PlyCount "65"]
[TimeControl "300+1"]

1. e4 e5 2. Nf3 Nc6 3. Bc4 Bc5 4. c3 Nf6 5. d4 exd4 6. cxd4 Bb4+ 7. Bd2 Nxe4 
8. Bxb4 Nxb4 9. Bxf7+ Kxf7 10. Qb3+ Kf8 11. Qxb4+ Qe7 12. Qxe7+ Kxe7 13. O-O Kd8 
14. Re1 Nf6 15. Nc3 d6 16. d5 Re8 17. Rxe8+ Kxe8 18. Nd4 Bd7 19. f3 Kf7 
20. Kf2 Re8 21. Nc2 g5 22. Ne3 g4 23. Rc1 gxf3 24. gxf3 Ke7 25. Rd1 Rf8 
26. Rd4 h5 27. h4 Ng4+ 28. Nxg4 Bxg4 29. Rd3 Bf5 30. Rd1 Bg4 31. Rd3 Bf5 
32. Rd1 Bg4 33. Rd3 1/2-1/2

[Event "Thursday Night Engine Tour 11 rd Swiss 5m+1s Starts at 2200hrs"]
[Site "Infinity Chess"]
[Date "2018.4.19"]
[Round "3"]
[White "star99"]
[Black "Dovahkiin"]
[Result "1/2-1/2"]
[ECO "D05"]
[WhiteElo "2499"]
[BlackElo "2416"]
[WhiteEngine "Cryptic Heroes 9.4B"]
[BlackEngine "Raubfisch ME262_GTZ16f_CTG"]
[EventType "Swiss"]
[WhiteTeam ""]
[BlackTeam ""]
[PlyCount "166"]
[TimeControl "300+1"]

1. d4 d5 2. Nf3 Nf6 3. e3 e6 4. Nbd2 c5 5. b3 Nc6 6. Bb2 cxd4 7. exd4 Bd6 
8. Bb5 O-O 9. O-O Ne4 10. Nxe4 dxe4 11. Nd2 f5 12. Nc4 Bc7 13. Bxc6 bxc6 
14. Ba3 Rf6 15. Re1 Ba6 16. Ne5 c5 17. Bxc5 Bb7 18. Qe2 Qe8 19. a4 a6 
20. Qc4 Bd5 21. Qf1 f4 22. f3 e3 23. c4 Bb7 24. Rad1 a5 25. Ng4 Rf5 26. Ba3 Bc6 
27. Ne5 Bxe5 28. dxe5 Rxe5 29. Rd4 Rf5 30. Qd3 Rf6 31. Rd1 e5 32. Rd8 Qxd8 
33. Qxd8+ Rxd8 34. Rxd8+ Kf7 35. Bb2 Rg6 36. Bxe5 Bxf3 37. Rd7+ Ke6 
38. Rd6+ Kxe5 39. Rxg6 hxg6 40. gxf3 Kd6 41. h3 Kc5 42. Kf1 g5 43. Ke1 Kc6 
44. Ke2 Kb7 45. Kd3 Kc7 46. Ke2 Kd6 47. Kd1 Kc6 48. Kc2 Kb7 49. Kd1 Kc6 
50. Ke1 g6 51. Ke2 Kb6 52. Kd1 Kc5 53. Ke2 Kc6 54. Ke1 Kd6 55. Ke2 Kc7 
56. Kd3 Kb7 57. Ke2 Kb6 58. Kd1 Kc5 59. Ke1 Kd6 60. Kf1 Ke7 61. Ke2 Kf7 
62. Kd3 Kf6 63. Ke2 Ke5 64. Kd3 Kf6 65. Ke2 Ke7 66. Ke1 Kf8 67. Ke2 Ke8 
68. Kd3 Kd7 69. Kc2 Kc7 70. Kd3 Kb6 71. Kc2 Ka7 72. Kd3 Kb6 73. Kc2 g4 
74. hxg4 Kc5 75. Kc3 g5 76. Kd3 Kb4 77. Ke2 Kc5 78. Kd3 Kb4 79. Kc2 Kc5 
80. Kd1 Kb4 81. Kc2 Kc5 82. Kc3 Kd6 83. Kc2 Kc5 1/2-1/2

[Event "Thursday Night Engine Tour 11 rd Swiss 5m+1s Starts at 2200hrs"]
[Site "Infinity Chess"]
[Date "2018.4.19"]
[Round "3"]
[White "ocirema"]
[Black "mala0diablica"]
[Result "1/2-1/2"]
[ECO "D30"]
[WhiteElo "2480"]
[BlackElo "2525"]
[WhiteEngine "asmFishW_2018-04-15_popcnt_CTG"]
[BlackEngine "asmFishW_2018-04-11_bmi2"]
[EventType "Swiss"]
[WhiteTeam ""]
[BlackTeam ""]
[PlyCount "293"]
[TimeControl "300+1"]

1. d4 d5 2. c4 e6 3. Nf3 Nf6 4. Nc3 c6 5. Bg5 h6 6. Bxf6 Qxf6 7. e3 Nd7 
8. Bd3 dxc4 9. Bxc4 g6 10. O-O Bg7 11. e4 e5 12. d5 O-O 13. Qe2 Nb6 14. Bb3 Bg4 
15. Rfd1 Bxf3 16. Qxf3 Qxf3 17. gxf3 Rfd8 18. Rac1 Bf8 19. dxc6 bxc6 20. Kf1 Kg7 
21. Rxd8 Rxd8 22. Nd1 Rc8 23. Ne3 h5 24. Kg2 Bd6 25. Nc4 Nxc4 26. Rxc4 Be7 
27. Rc2 c5 28. Bd5 Rb8 29. Kf1 f5 30. Ke2 Kf6 31. b3 f4 32. Rc4 Rb4 33. Rc1 Rd4 
34. a3 Bd6 35. Bc4 Bc7 36. Bd3 Bb6 37. h3 Kg5 38. Rg1+ Kf6 39. Rh1 Ba5 
40. Rc1 Bb6 41. Rb1 Ke6 42. Rg1 Kf7 43. Rc1 Ke6 44. Rg1 Kf7 45. Rc1 Kg7 
46. h4 Kf6 47. a4 Rd7 48. Bb5 Rd6 49. Bd3 Rd7 50. Rc3 Rd6 51. Rc4 Ke6 
52. Rc1 Kf6 53. Rc2 Rd4 54. Rc1 Rd8 55. Rc2 Rc8 56. Rc1 Ba5 57. Bc4 Rd8 
58. Bd5 Rc8 59. Rg1 Rc7 60. Kd3 Kg7 61. Kc4 Bb4 62. Be6 Kf6 63. Bd5 Kg7 
64. Rg5 Kf6 65. Rg1 Ba3 66. Bg8 Bb2 67. Rg2 Ba3 68. Bd5 Bb2 69. Rg5 Bd4 
70. Rg2 Rh7 71. Bg8 Rh8 72. Bd5 Rd8 73. Bb7 Rg8 74. Bd5 Rb8 75. Kd3 Rb6 
76. Ke2 Ra6 77. Rg5 Rb6 78. Bc4 Rb4 79. Bd5 Rb8 80. Bc4 Re8 81. Rg2 Rc8 
82. Rg5 Bc3 83. Kd3 Ba5 84. Rg1 Rd8+ 85. Bd5 Rh8 86. Rg5 Bb6 87. Kc4 Rb8 
88. Rg2 Bc7 89. Kd3 Bd6 90. Ke2 Rb4 91. Bg8 Bc7 92. Bh7 Rxb3 93. Rxg6+ Kf7 
94. Rg5 Rb2+ 95. Kd3 Bd8 96. Bg8+ Kf6 97. Rf5+ Kg7 98. Bf7 Bxh4 99. Bxh5 Bf6 
100. Kc4 Ra2 101. Kxc5 Rxa4 102. Kd6 Ra6+ 103. Kd5 Rb6 104. Be8 Rb8 105. Bd7 a5 
106. Rh5 Kf7 107. Rh1 Rd8 108. Kc6 a4 109. Ra1 Ke7 110. Bg4 Rd6+ 111. Kb5 Bh4 
112. Rxa4 Bxf2 113. Ra5 Bd4 114. Kc4 Rc6+ 115. Kd5 Rd6+ 116. Kc4 Rc6+ 
117. Kd5 Rf6 118. Kc4 Rg6 119. Kd5 Rh6 120. Kc4 Rh2 121. Kd5 Rc2 122. Bh3 Rc3 
123. Bg4 Rc2 124. Bh3 Rh2 125. Bf5 Rb2 126. Bh3 Rb3 127. Bg4 Kf6 128. Ra6+ Kg5 
129. Ke6 Rb5 130. Rc6 Rb7 131. Kd5 Kh4 132. Rh6+ Kg3 133. Rh3+ Kg2 134. Ke6 Rb3 
135. Kf6 Ra3 136. Kf5 Ba1 137. Rh8 Bc3 138. Kf6 Ba1 139. Rh3 Bb2 140. Rh4 Rxf3 
141. Bxf3+ Kxf3 142. Kf5 Kg3 143. Rg4+ Kf2 144. Rh4 Kg3 145. Rg4+ Kh3 
146. Rxf4 exf4 147. Kxf4 1/2-1/2